 Dungeon Crawl Stone Soup version 0.30-b1-2-g02819fbbbe (webtiles) character file.

Game seed: 2568164440712232659

1518 redmage the Destroyer (level 9, 62/62 HPs)
             Began as a Meteoran Earth Elementalist on July 31, 2023.
             Quit the game in the Ecumenical Temple.
             The game lasted 00:20:58 (1388 turns).

redmage the Destroyer (Meteoran Earth Elementalist) Turns: 1388, Time: 00:20:58

Health: 62/62      AC:  4    Str:  9    XL:     9   Next: 31%
Magic:  14/14      EV: 12    Int: 22    God:
Gold:   52         SH:  0    Dex: 15    Spells: 8/14 levels left

rFire   . . .        (no weapon)
rCold   . . .        (no shield)
rNeg    . . .        a - +1 robe
rPois   .            (no helmet)
rElec   .            (no cloak)
rCorr   .            (no gloves)
SInv    .            d - +0 pair of boots
Will    +....        (no amulet)
Stlth   +            (no ring)
HPRegen 0.30/turn    (no ring)
MPRegen 0.14/turn

%: no passive effects
@: glowing
A: sense surroundings 2, otherworldly, glowing, explore regen
a: no special abilities


You were in the Ecumenical Temple.
You visited 2 branches of the dungeon, and saw 8 of its levels.
You also visited: Sewer.

You collected 224 gold pieces.
You spent 172 gold pieces at shops.

Inventory:

Hand Weapons
 m - the +2 dagger "Eciviti" {drain, Fly rF+++ rC- Int-5}
   (You found it on level 7 of the Dungeon)

   Int:       It affects your intelligence (-5).
   rF:        It renders you almost immune to fire.
   rC:        It makes you vulnerable to cold.
   Fly:       It grants you flight.
Armour
 a - a +1 robe (worn)
 d - a +0 pair of boots (worn)
Wands
 h - a wand of flame (18)
 i - a wand of mindburst (9)
Scrolls
 g - a scroll of teleportation {unknown}
 j - a scroll of magic mapping {unknown}
 k - a scroll of brand weapon {unknown}
 l - a scroll of butterflies {unknown}
Potions
 b - a potion of magic
 c - 4 potions of curing
 e - a potion of attraction
 f - a potion of ambrosia
 n - a potion of haste {unknown}
 o - a potion of mutation
 p - a potion of heal wounds


   Skills:
 - Level 2.4 Dodging
 - Level 1.4 Stealth
 - Level 3.0 Spellcasting
 * Level 10.0 Conjurations
 - Level 2.0 Transmutations
 + Level 8.4 Earth Magic


You had 8 spell levels left.
You knew the following spells:

 Your Spells              Type           Power      Damage    Failure   Level
a - Sandblast             Erth           80%        2d17      1%          1
b - Passwall              Tmut/Erth      21%        N/A       2%          2
c - Stone Arrow           Conj/Erth      88%        3d12      1%          3

Your spell library contained the following spells:

 Spells                   Type           Power      Damage    Failure   Level
 Petrify                  Tmut/Erth      26%        N/A       14%         4
 Lesser Beckoning         Tloc           6%         N/A       19%         2
 Gell's Gravitas          Tloc           3%         N/A       36%         3
 Teleport Other           Tloc           3%         N/A       36%         3


Dungeon Overview and Level Annotations

Branches:
Dungeon (7/15) Zot: 3056   Temple (1/1) D:4 Zot: 425   Sewer (visited)

Altars:
Ashenzari
Cheibriados
Dithmenos
Elyvilon
Fedhas
Gozag
Hepliaklqana
Kikubaaqudgha
Makhleb
Nemelex Xobeh
Okawaru
Qazlal
Ru
Uskayaw
Vehumet
Wu Jian
Xom
Yredelemnul
Zin
The Shining One

Shops:
D:3 *=   D:5 *

Annotations:
D:6 2 runed translucent doors, diceflayer's ghost, novice DsHu


Innate Abilities, Weirdness & Mutations

You passively map the area around you.
You are easily found by Zot.
You glow in the dark.
You regain HP and MP as you explore.


Message History

There is an open door here.
You open the door.
Found a broken altar of Ashenzari.
You open the door.
Found a basalt altar of Yredelemnul.
You open the door.
Found a burning altar of Makhleb.
You open the door.
Found a radiant altar of Vehumet.
You open the door.
Found a hazy altar of Hepliaklqana.
You open the door.
Found a shadowy altar of Dithmenos.
You open the door.
Found a snail-covered altar of Cheibriados.
You open the door.
Found a blossoming altar of Fedhas.
You open the door.
Found a hide-covered altar of Uskayaw.
You open the door.
Found a glowing silver altar of Zin.
You open the door.
Found a stormy altar of Qazlal.
You open the door.
Found an opulent altar of Gozag.
You open the door.
Found a white marble altar of Elyvilon.
You open the door.
Found an ancient bone altar of Kikubaaqudgha.
You open the door.
Found a sacrificial altar of Ru.
You open the door.
Found a sparkling altar of Nemelex Xobeh.
You open the door.
Found an ornate altar of the Wu Jian Council.
You open the door.
Found an iron altar of Okawaru.
You open the door.
Found a shimmering altar of Xom.
Are you sure you want to abandon this character and quit the game? (Confirm with "yes".)

#...#*##### #####*#.
#...##....# ....##.
#...#...... .....#.
#...'...._. ._....'.
#...#...... ......#.
#...##....# #....##.
#...# ##### #####*#.
#...# ,, * ....##.
#..@# , , .....#.
#...'...._.*._....'.
#...#...... ......#.
#...##....# #....##.
#...# ##### #######.
#.... , ,......
#.... , , ,......
#...., ,, ,...... *
* ** ** ** ######


There were no monsters in sight!

Vanquished Creatures
  A yak (D:6)
  3 water moccasins
  An orc warrior (D:6)
  3 ogres
  A centaur (D:5)
  A bullfrog (D:7)
  A scorpion (D:6)
  2 orc priests
  4 hounds (D:6)
  A sleepcap (D:6)
  4 orc wizards
  11 adders
  3 river rats (Sewer)
  A white imp (D:6)
  5 worms
  6 orcs
  2 endoplasms
  4 giant cockroaches
  5 hobgoblins
  2 jackals (Sewer)
  2 quokkas
  6 ball pythons
  4 bats
  A frilled lizard (D:2)
  4 kobolds
78 creatures vanquished.

Notes
Turn   | Place    | Note
-------+----------+-------------------------------------------
     0 | D:1      | redmage the Meteoran Earth Elementalist began the quest for
                  | the Orb.
     0 | D:1      | Reached XP level 1. HP: 14/14 MP: 5/5
    51 | D:2      | Reached XP level 2. HP: 20/20 MP: 1/6
    90 | D:2      | Learned a level 2 spell: Passwall
   148 | D:2      | Reached XP level 3. HP: 26/26 MP: 5/8
   152 | D:2      | Learned a level 3 spell: Stone Arrow
   224 | D:3      | Found Koxafuse's Jewellery Shop.
   251 | D:3      | Found a faded altar of an unknown god.
   281 | D:4      | Reached skill level 1 in Conjurations
   281 | D:4      | Noticed an ogre
   294 | D:3      | Found Tuomiebb's Assorted Antiques.
   309 | D:3      | Bought a scroll labelled IRCHORIRCHOU for 21 gold pieces
   309 | D:3      | Bought a scroll labelled AMEID WETAITUI for 21 gold pieces
   338 | D:3      | Noticed an ogre
   343 | D:3      | Killed an ogre
   344 | D:3      | Reached skill level 3 in Conjurations
   344 | D:3      | Reached skill level 5 in Earth Magic
   344 | D:3      | Reached XP level 4. HP: 33/33 MP: 4/9
   344 | D:3      | Reached XP level 5. HP: 38/38 MP: 4/10
   393 | D:3      | Reached skill level 4 in Conjurations
   394 | D:3      | Reached XP level 6. HP: 10/45 MP: 3/11
   459 | D:4      | Killed an ogre
   460 | D:4      | Reached skill level 5 in Conjurations
   508 | D:5      | Entered Level 5 of the Dungeon
   508 | D:5      | Noticed an ogre
   508 | D:5      | Found Gagiost's General Store.
   593 | D:5      | Reached XP level 7. HP: 46/50 MP: 6/12
   634 | D:6      | Noticed a yak
   634 | D:6      | Found a glowing drain.
   652 | D:6      | Noticed a water moccasin
   655 | D:6      | Killed a water moccasin
   656 | D:6      | Reached skill level 6 in Conjurations
   738 | D:6      | Reached skill level 7 in Conjurations
   738 | D:6      | Reached XP level 8. HP: 32/57 MP: 1/13
   819 | Sewer    | Entered a sewer
   963 | D:6      | Noticed a yak
   985 | D:6      | Killed a yak
   986 | D:6      | Reached skill level 8 in Conjurations
   989 | D:6      | Noticed a yak
   992 | D:6      | Noticed a yak
   993 | D:6      | Noticed a yak
  1013 | D:6      | Noticed a yak
  1023 | D:7      | Reached skill level 9 in Conjurations
  1023 | D:7      | Gained mutation: You passively map the area around you.
                  | [Meteoran growth]
  1023 | D:7      | Reached XP level 9. HP: 52/62 MP: 1/14
  1046 | D:7      | Identified the +2 dagger "Eciviti" {drain, Fly rF+++ rC-
                  | Int-5}
  1105 | D:6      | Found a large runed translucent door.
  1108 | D:6      | Found a large runed translucent door.
  1110 | D:6      | Noticed diceflayer's ghost (novice DsHu)
  1198 | D:5      | Reached skill level 10 in Conjurations
  1204 | D:5      | Bought a potion of mutation for 80 gold pieces
  1204 | D:5      | Bought a potion of heal wounds for 50 gold pieces
  1207 | D:4      | Found a staircase to the Ecumenical Temple.
  1213 | Temple   | Entered the Ecumenical Temple
  1388 | Temple   | Quit the game

Illustrated notes

Levels and vault maps discovered:
D:1:      dpeg_arrival_erosion, layout_basic, serial_shops, shop
D:2:      layout_rooms, minmay_misc_feat_more_columns, patterned_corridor,
          uniq_natasha
D:3:      layout_rooms, serial_shops, shop, nicolae_diamond_shop,
          nicolae_shop_waterfront, serial_glass, glass_columns_c,
          glass_columns_b, glass_columns_c, glass_columns_a, glass_columns_b,
          glass_columns_a, glass_columns_c, glass_columns_a, glass_columns_a,
          glass_columns_a, hellmonk_ecumenical_altar_arch_garden,
          nrook_mini_backslash, st_stairs_7
D:4:      layout_basic
D:5:      layout_loops_ring, nzn_overflow_gifts_of_might_and_magic,
          minmay_misc_feat_hallway, nicolae_stop_n_shop_1, minmay_bent
D:6:      layout_basic, ebering_ghost_disaster_area, gup_sewer_entry_glass,
          uniq_pikel
D:7:      layout_loops_cross
Temple:   mainiacjoe_temple_cubbyholes

Skill      XL: |  1  2  3  4  5  6  7  8  9 |
---------------+----------------------------+-----
Earth Magic    | 4 5 6 7 8 |  8.4
Spellcasting   | 3 |  3.0
Transmutations | 2 |  2.0
Conjurations   | 3 4 5 7 9 10 | 10.0
Dodging        | |  2.4
Stealth        | |  1.4

Action                     |  1- 3 |  4- 6 |  7- 9 || total
---------------------------+-------+-------+-------++-------
   Cast: Sandblast         |    35 |    22 |    60 ||   117
         Stone Arrow       |     1 |     3 |    20 ||    24
         Passwall          |       |       |     3 ||     3
  Evoke: Wand              |       |       |     1 ||     1
    Use: Scroll            |       |     5 |     2 ||     7
 Armour: Robe              |     5 |     6 |    13 ||    24
  Dodge: Dodged            |     8 |     3 |    40 ||    51
